 Dungeon Crawl Stone Soup version 0.30-a0-879-ga8ba668 (webtiles) character file.

Game seed: 14099959916026369530

22071 Dorkslayer the Cleaver (level 12, -2/110 HPs)
             Began as a Hill Orc Fighter on Mar 11, 2023.
             Was an Initiate of Gozag.
             Slain by a deep troll (glowing shapeshifter) (13 damage)
             ... in a volcano on Mar 12, 2023.
             The game lasted 00:46:17 (12208 turns).

Dorkslayer the Cleaver (Hill Orc Fighter)          Turns: 12208, Time: 00:46:18

Health: -2/110     AC: 36    Str: 22    XL:     12   Next: 96%
Magic:  12/12      EV:  9    Int: 13    God:    Gozag
Gold:   103        SH:  6    Dex: 12    Spells: 11/11 levels left

rFire   . . .      SeeInvis .    a - +1 war axe (chaos)
rCold   + + .      Faith    .    c - +0 buckler
rNeg    . . .      Spirit   .    K - +6 plate armour of Cowardice {rC++ rCorr Int+5}
rPois   .          Reflect  .    e - +2 helmet
rElec   .          Rampage  .    A - +0 cloak
rCorr   +                        J - +2 pair of gloves {hurl}
Will    .....                    k - +2 pair of boots Stlth
                                 w - amulet of magic regeneration
HPRegen 0.38/turn                q - +4 ring of protection
MPRegen 0.53/turn                E - ring of flight

@: flying, hasted and slowed
A: no striking features
a: Renounce Religion, Potion Petition, Call Merchant, Bribe Branch


You were in a volcano.
You worshipped Gozag.
Gozag was aware of your devotion.
You visited 4 branches of the dungeon, and saw 15 of its levels.
You also visited: Sewer and Volcano.

You collected 2869 gold pieces.
You spent 2650 gold pieces at shops.
You paid 116 gold pieces to Gozag.

Inventory:

Hand Weapons
 a - a +1 war axe of chaos (weapon)
 n - a +2 mace of flaming
 p - a +1 hand axe of electrocution
 H - a +2 flail of draining
Missiles
 m - 3 boomerangs
 y - 3 javelins
 D - a throwing net (quivered)
Armour
 c - a +0 buckler (worn)
 e - a +2 helmet (worn)
 k - a +2 pair of boots (worn)
 A - a +0 cloak (worn)
 J - a +2 pair of gloves of hurling (worn)
 K - the +6 plate armour of Cowardice (worn) {rC++ rCorr Int+5}
   (You bought it in a shop on level 4 of the Dungeon)

   Int:       It affects your intelligence (+5).
   rC:        It greatly protects you from cold.
   rCorr:     It protects you from acid and corrosion.
Jewellery
 q - a +4 ring of protection (left hand)
 w - an amulet of magic regeneration (around neck)
 E - a ring of flight (right hand)
Wands
 s - a wand of iceblast (2)
 t - a wand of flame (34)
 B - a wand of digging (4)
Scrolls
 d - a scroll of blinking
 f - 9 scrolls of teleportation
 i - a scroll of enchant armour
 l - 2 scrolls of fear
 u - a scroll of magic mapping
 z - 2 scrolls of poison
 C - 2 scrolls of immolation
 I - a scroll of fog
Potions
 b - 2 potions of cancellation
 h - 5 potions of mutation
 j - a potion of attraction
 r - a potion of resistance
 v - a potion of berserk rage
 x - 5 potions of curing
 F - 2 potions of ambrosia
Miscellaneous
 o - a condenser vane (inert)


   Skills:
 * Level 11.6 Fighting
 * Level 12.2 Axes
 + Level 5.7 Throwing
 * Level 10.5 Armour
 + Level 7.1 Dodging
 + Level 7.8 Shields
 * Level 8.9 Evocations


You had 11 spell levels left.
You didn't know any spells.
Your spell library contained the following spells:

 Spells                   Type           Power      Damage    Failure   Level
 Blink                    Tloc           0%         N/A       100%        2
 Lesser Beckoning         Tloc           0%         N/A       100%        2
 Momentum Strike          Conj/Tloc      0%         3d8       100%        2
 Ozocubu's Armour         Ice            0%         N/A       100%        3
 Portal Projectile        Hex/Tloc       0%         N/A       100%        3
 Tukima's Dance           Hex            0%         N/A       100%        3
 Vhi's Electric Charge    Tloc/Air       0%         N/A       100%        3
 Arcjolt                  Conj/Air       0%         1d10      100%        5
 Blade Hands              Tmut           0%         N/A       100%        5
 Metabolic Englaciation   Hex/Ice        0%         N/A       100%        5
 Maxwell's Capacitive Co  Air            0%         ∞         100%        8
 Simulacrum               Ice/Necr       Unusable   N/A       N/A         6

Dungeon Overview and Level Annotations

Branches:
Dungeon (11/15)            Temple (1/1) D:7            Lair (1/5) D:10
    Orc (2/2) D:10            Elf (0/3) Orc:2         Sewer (visited)
Volcano (1/1)

Altars:
Ashenzari
Elyvilon
Fedhas
Gozag
Hepliaklqana
Nemelex Xobeh
Okawaru
Qazlal
Ru
Sif Muna
Trog
Vehumet
Wu Jian
Xom
Yredelemnul
Beogh

Shops:
D:4 [:![   D:7 (   D:9 *   Orc:1 (   Orc:2 ?((*(


Message History

You feel extremely sick. The death drake barely misses you.
You miss the death drake.
You are engulfed in dark miasma.
You are more poisoned.
You feel extremely sick.
The death drake changes into a deep troll!
You hit the deep troll but do no damage.
You are engulfed in dark miasma.
You are more poisoned.
You feel yourself slow down.
You feel extremely sick.
You hit the deep troll but do no damage.
You are engulfed in dark miasma.
You are lethally poisoned!
* * * LOW HITPOINT WARNING * * *
You feel extremely sick.
The deep troll bites you but does no damage.
The deep troll claws you but does no damage. x2
The deep troll closely misses you. You block the deep troll's attack. x2
You feel better. The deep troll bites you.
* * * LOW HITPOINT WARNING * * *
The deep troll claws you but does no damage. x2
You feel yourself speed up.
The deep troll bites you but does no damage.
The deep troll claws you but does no damage.
The deep troll completely misses you. The deep troll bites you.
* * * LOW HITPOINT WARNING * * *
The deep troll claws you.
* * * LOW HITPOINT WARNING * * *
You block the deep troll's attack.
You slash the deep troll!
The deep troll is poisoned.
The deep troll is lightly wounded.
The deep troll barely misses you. The deep troll claws you!
* * * LOW HITPOINT WARNING * * *
The deep troll claws you but does no damage.
You feel better.
The deep troll bites you but does no damage.
The deep troll claws you!
You die...
Your body crumbles into a pile of gold.

## $$ $ ###≈§ $$ ≈≈≈≈ $$
$ ≈≈§ ############## ###
+.....#....... #..
#.∩$'......~ #..
###.T$#.$....~ #..
##.##@################
##..#..#...)..#.).#.#..
##§..+.###'#'#####'#.'.∩
≈§≈≈≈≈#...............#..
#§§§≈≈###################
≈§≈§≈≈≈§§≈≈≈≈≈§≈§§§≈§§≈≈§
§§§≈§≈§§≈§§≈≈≈≈§≈§≈≈§≈≈§≈
#≈§§≈≈§§≈###≈≈##≈§§≈≈§≈§§
##≈§§§≈### ######≈≈≈§§§§§


You could see a deep troll shaped shifter (very poisoned).

Vanquished Creatures
  The ghost of Illumine the Fighter, a journeyman DgAE (D:10)
  2 ettins
  A centaur warrior (D:8)
  A two-headed ogre (D:9)
  4 orc high priests (Orc:2)
  3 wizards (Volcano)
  An orc sorcerer (Orc:2)
  3 toenail golems (Volcano)
  Joseph (D:7)
  2 komodo dragons (D:10)
  3 trolls
  3 wraiths (D:10)
  14 yaks
  Eustachio (D:4)
  Menkaure (D:7)
  A warg (Orc:2)
  An acid dragon (D:10)
  6 water moccasins
  11 orc warriors
  A sky beast (D:7)
  4 black bears
  5 ogres
  4 centaurs
  A phantom (D:7)
  3 kobold brigands
  2 bullfrogs
  4 scorpions
  10 wights
  16 killer bees
  5 howler monkeys
  5 jellies
  22 orc priests
  A gnoll bouda (D:7)
  6 hounds
  Natasha (thrice) (D:4)
  4 iguanas
  A sleepcap (D:6)
  28 orc wizards
  Robin (D:4)
  8 gnolls (D:7)
  12 adders
  A river rat (Sewer)
  A shadow imp (D:6)
  3 ufetubi
  4 worms
  55 orcs
  8 ball pythons
  3 bats
  8 endoplasms
  7 giant cockroaches
  12 goblins
  10 hobgoblins
  10 jackals
  4 quokkas
  7 frilled lizards
  10 kobolds
  10 rats
  3 bushes (D:3)
362 creatures vanquished.

Vanquished Creatures (others)
  A wizard (Volcano)
  A wraith (D:8)
  A goblin (D:4)
  37 fungi
  57 plants
97 creatures vanquished.

Grand Total: 459 creatures vanquished

Notes
Turn   | Place    | Note
-------+----------+-------------------------------------------
     0 | D:1      | Dorkslayer the Hill Orc Fighter began the quest for the
                  | Orb.
     0 | D:1      | Reached XP level 1. HP: 19/19 MP: 1/1
   150 | D:1      | Reached XP level 2. HP: 26/27 MP: 2/2
   287 | D:1      | Reached skill level 3 in Axes
   686 | D:2      | Reached XP level 3. HP: 33/33 MP: 3/3
   790 | D:2      | Reached skill level 1 in Dodging
  1014 | D:2      | Reached XP level 4. HP: 40/40 MP: 4/4
  1563 | D:3      | You fall into a shaft and drop 1 floor!
  1564 | D:4      | Upgraded the game from 0.30-a0-875-g110b599 to
                  | 0.30-a0-879-ga8ba668
  1575 | D:4      | Found a glowing drain.
  1595 | Sewer    | Entered a sewer
  1623 | Sewer    | Reached XP level 5. HP: 46/46 MP: 5/5
  1649 | Sewer    | Reached skill level 1 in Evocations
  1738 | Sewer    | Reached skill level 4 in Axes
  1738 | Sewer    | Reached skill level 1 in Throwing
  1738 | Sewer    | Found a viscous altar of Jiyva.
  1845 | Sewer    | Reached XP level 6. HP: 53/53 MP: 6/6
  1881 | D:4      | Found a shimmering blue altar of Sif Muna.
  1982 | D:4      | Noticed Robin
  1996 | D:4      | Killed Robin
  2037 | D:4      | Found Tiypp's Book Boutique.
  2150 | D:4      | Noticed Natasha
  2156 | D:4      | Noticed Eustachio
  2157 | D:4      | Killed Natasha
  2186 | D:4      | Killed Eustachio
  2187 | D:4      | Reached skill level 5 in Fighting
  2187 | D:4      | Reached XP level 7. HP: 61/61 MP: 7/7
  2230 | D:4      | Found Piropas's Antique Armour Shop.
  2244 | D:4      | Reached skill level 5 in Axes
  2332 | D:4      | Noticed Natasha
  2340 | D:4      | Killed Natasha
  2360 | D:4      | Reached skill level 5 in Armour
  2378 | D:4      | Found Jorapup's Armour Shop.
  3356 | D:3      | Reached XP level 8. HP: 67/69 MP: 8/8
  3749 | D:3      | Found a faded altar of an unknown god.
  3872 | D:4      | Found Osiqu's Distillery.
  3888 | D:4      | Bought a potion of curing for 36 gold pieces
  3888 | D:4      | Bought 2 potions of heal wounds for 120 gold pieces
  3923 | D:5      | Entered Level 5 of the Dungeon
  4023 | D:5      | Found a radiant altar of Vehumet.
  4324 | D:5      | Reached skill level 6 in Axes
  4940 | D:6      | Reached XP level 9. HP: 47/78 MP: 9/9
  5448 | D:7      | Found a white marble altar of Elyvilon.
  5459 | D:7      | Noticed Menkaure
  5466 | D:7      | Killed Menkaure
  5467 | D:7      | Reached skill level 7 in Axes
  5467 | D:7      | Reached skill level 5 in Shields
  5474 | D:7      | Reached skill level 9 in Axes
  5474 | D:7      | Reached skill level 5 in Dodging
  5474 | D:7      | Reached XP level 10. HP: 91/91 MP: 10/10
  5947 | D:7      | Noticed Joseph
  5972 | D:7      | Killed Joseph
  6128 | D:7      | Found Ronlel's Weapon Emporium.
  6311 | D:7      | Found a staircase to the Ecumenical Temple.
  6338 | Temple   | Entered the Ecumenical Temple
  6372 | Temple   | Became a worshipper of Gozag Ym Sagoz the Greedy
  6738 | D:8      | Noticed a centaur warrior
  6806 | D:8      | Found an ornate altar of the Wu Jian Council.
  7728 | D:9      | Noticed a two-headed ogre
  7747 | D:9      | Killed a two-headed ogre
  7748 | D:9      | Reached XP level 11. HP: 56/97 MP: 11/11
  7767 | D:9      | Reached skill level 10 in Axes
  8046 | D:9      | Found a stormy altar of Qazlal.
  8046 | D:9      | Found a bloodstained altar of Trog.
  8094 | D:9      | Found Sachang's Island Escapes.
  8108 | D:9      | Bought a wand of digging (7) for 411 gold pieces
  8303 | D:8      | Killed a centaur warrior
  8304 | D:8      | Reached skill level 10 in Fighting
  8404 | D:10     | Entered Level 10 of the Dungeon
  8501 | D:10     | Found a staircase to the Orcish Mines.
  8725 | D:10     | Found a hazy altar of Hepliaklqana.
  8745 | D:10     | Found a runed translucent gate.
  8745 | D:10     | Found a runed translucent gate.
  8746 | D:10     | Found a runed translucent gate.
  8791 | D:10     | Noticed Illumine's ghost (journeyman DgAE)
  8900 | D:10     | Found an iron altar of Okawaru.
  8912 | D:10     | Found a blossoming altar of Fedhas.
  8915 | D:10     | Found a broken altar of Ashenzari.
  8916 | D:10     | Found a basalt altar of Yredelemnul.
  8925 | D:10     | Found a sparkling altar of Nemelex Xobeh.
  8971 | D:10     | Found a sacrificial altar of Ru.
  9082 | D:10     | Found a staircase to the Lair.
  9328 | D:10     | Killed Illumine's ghost
  9329 | D:10     | Reached skill level 5 in Throwing
  9395 | D:10     | Reached skill level 11 in Axes
  9530 | D:11     | Noticed a cyclops
  9593 | Orc:1    | Entered Level 1 of the Orcish Mines
  9614 | D:10     | Reached XP level 12. HP: 66/107 MP: 12/12
  9809 | Orc:1    | Found Fumpie's Antique Weapon Shop.
  9832 | Orc:1    | Bought a glowing hand axe for 180 gold pieces
  9841 | Orc:1    | Found a roughly hewn altar of Beogh.
 10065 | Orc:2    | Entered Level 2 of the Orcish Mines
 10279 | Orc:2    | Noticed an ettin
 10284 | Orc:2    | Killed an ettin
 10514 | D:4      | Bought a pair of glowing gloves for 195 gold pieces
 10514 | D:4      | Bought a steaming plate armour for 728 gold pieces
 10514 | D:4      | Identified the +6 plate armour of Cowardice {rC++ rCorr
                  | Int+5} (You bought it in a shop on level 4 of the Dungeon)
 10620 | D:4      | Bought a potion of haste for 120 gold pieces
 10620 | D:4      | Bought a potion of ambrosia for 96 gold pieces
 10620 | D:4      | Bought a potion of degeneration for 12 gold pieces
 10639 | D:4      | Noticed Natasha
 10642 | D:4      | Killed Natasha
 10791 | D:9      | Bought a scroll of teleportation for 42 gold pieces
 10875 | Orc:1    | Noticed an ettin
 10886 | Orc:1    | Killed an ettin
 11035 | Orc:2    | Found a staircase to the Elven Halls.
 11078 | Orc:2    | Found Giemn's Magic Scroll Emporium.
 11151 | Orc:2    | Bought a scroll of enchant weapon for 82 gold pieces
 11151 | Orc:2    | Bought a scroll of magic mapping for 82 gold pieces
 11151 | Orc:2    | Bought a scroll of identify for 22 gold pieces
 11151 | Orc:2    | Bought a scroll of fear for 44 gold pieces
 11285 | Orc:2    | Noticed an orc high priest
 11293 | Orc:2    | Noticed a sun demon
 11296 | Orc:2    | Noticed a sun demon
 11297 | Orc:2    | Killed an orc high priest
 11298 | Orc:2    | Reached skill level 10 in Armour
 11341 | Orc:2    | Noticed an orc high priest
 11352 | Orc:2    | Killed an orc high priest
 11563 | Orc:2    | Noticed an orc high priest
 11564 | Orc:2    | Noticed an orc high priest
 11568 | Orc:2    | Noticed a soul eater
 11580 | Orc:2    | Killed an orc high priest
 11581 | Orc:2    | Killed an orc high priest
 11789 | Orc:2    | Found a roughly hewn altar of Beogh.
 11892 | Orc:2    | Found Gaeruruhi's Weapon Emporium.
 11892 | Orc:2    | Found Fihemnil's Weapon Shoppe.
 11895 | Orc:2    | Found Odwaloro's Weapon Emporium.
 11895 | Orc:2    | Found Jeestropo's General Store.
 11934 | Orc:2    | Bought a condenser vane for 480 gold pieces
 12082 | Lair:1   | Entered Level 1 of the Lair of Beasts
 12087 | Lair:1   | Found a dark tunnel.
 12093 | Volcano  | Entered a volcano
 12109 | Volcano  | Reached skill level 12 in Axes
 12208 | Volcano  | Slain by a deep troll (glowing shapeshifter)

Illustrated notes

Levels and vault maps discovered:
D:1:      reono_arrival_forest_river, layout_basic, patterned_corridor
D:2:      layout_loops_ring, grunt_ministairs_15, minivault_26,
          minmay_pentomino_x4
D:3:      layout_basic, dreamdust_ecumenical_altar_hidden_monk_grotto,
          serial_forest, infiniplex_forest_end_2, infiniplex_forest_side_room,
          infiniplex_forest_straight_4, infiniplex_forest_lined_4_way,
          infiniplex_forest_straight_4, infiniplex_forest_lined_2,
          infiniplex_forest_clump_double, infiniplex_forest_zigzag_1
D:4:      layout_rooms, mainiacjoe_overflow_paths, serial_shops, shop,
          kennysheep_little_box, shop, shop, portal_sewer_entry_b, uniq_natasha,
          uniq_robin, uniq_eustachio
D:5:      layout_loops_corners, vehumet_crystals
D:6:      layout_cave_pools
D:7:      layout_basic, elyvilon_altar_5, minmay_temple_entry_offerings,
          serial_shops, kennysheep_mini_moat, solitary_fountain,
          kennysheep_generic_room_10, uniq_joseph, uniq_menkaure
D:8:      layout_loops_corners, mainiacjoe_overflow_cross_hatched,
          lightli_corner_chamber
D:9:      layout_rooms, nicolae_overflow_two_pavilions, nicolae_island_escapes
D:10:     layout_rooms, nicolae_ru_sacrificial_ziggurat,
          worldfamousw_hep_ancestral_shrine, minmay_overflow_temple_star_hex,
          due_lair_maze_entry_diamond, gammafunk_ghost_spectres
D:11:     layout_rooms
Temple:   hellmonk_temple_beads
Lair:1:   layout_loops_ring, enter_volcano_4, basic_altar,
          portal_ice_cave_entry_pillars_2, uniq_erica, uniq_nergalle,
          uniq_sonja, uniq_fannar
Orc:1:    layout_diamond_mine, serial_shops, shop_coins, basic_altar
Orc:2:    st_orc_mages, layout_caves, basic_altar, serial_shops, shop
Volcano:  volcano_bunker

Skill      XL: |  1  2  3  4  5  6  7  8  9 10 11 12 |
---------------+-------------------------------------+-----
Axes           | 3 4 5 6 9 11 12 | 12.2
Fighting       | 4 5 6 9 10 11 | 11.6
Dodging        | 1 2 3 5 6 7 |  7.1
Armour         | 4 5 6 8 9 10 | 10.5
Evocations     | 1 2 4 6 7 8 |  8.9
Throwing       | 1 2 4 5 |  5.7
Shields        | 4 6 7 |  7.8

Action                     |  1- 3 |  4- 6 |  7- 9 | 10-12 || total
---------------------------+-------+-------+-------+-------++-------
  Melee: War axe           |    97 |   180 |   437 |   853 ||  1567
  Throw: Javelin           |       |     3 |     2 |     5 ||    10
         Throwing net      |       |       |       |     1 ||     1
  Evoke: Wand              |       |     2 |     2 |    22 ||    26
         Condenser vane    |       |       |       |     1 ||     1
    Use: Scroll            |       |     7 |     6 |    13 ||    26
         Potion            |       |       |     2 |    16 ||    18
   Stab: Distracted        |       |       |       |     4 ||     4
         Invisible         |       |       |       |     2 ||     2
 Armour: Scale mail        |    53 |   115 |    85 |       ||   253
         Chain mail        |       |       |   142 |   205 ||   347
         Plate armour      |       |       |       |   386 ||   386
  Dodge: Dodged            |    53 |   103 |   114 |   311 ||   581
  Block: Buckler           |    30 |    54 |    63 |   212 ||   359

Table legend: (Time is in decaauts)
 A = Elapsed time spent in this place.
 B = Non-inter-level travel time spent in this place.
 C = Inter-level travel time spent in this place.
 D = Time resting spent in this place.
 E = Time spent auto-exploring this place.
 F = Levels seen in this place.
 G = Mean time per level.
                   A        B        C        D        E       F      G
               +--------+--------+--------+--------+--------+-----+--------+
         Total |  12460 |  12049 |    411 |    439 |   2999 |  17 |  732.9 |
       Dungeon |  10094 |   9712 |    382 |    290 |   2735 |  11 |  917.6 |
        Temple |     67 |     67 |      0 |      0 |     15 |   1 |   67.0 |
          Lair |     10 |     10 |      0 |      0 |      0 |   1 |   10.0 |
  Orcish Mines |   1856 |   1828 |     28 |     87 |    249 |   2 |  928.0 |
         Sewer |    318 |    318 |      0 |     62 |      0 |   1 |  318.0 |
       Volcano |    112 |    112 |      0 |      0 |      0 |   1 |  112.0 |
               +--------+--------+--------+--------+--------+-----+--------+

Top non-repeatable levels by time:
     D:3: 1519 daAuts
    D:10: 1342 daAuts
   Orc:2: 1287 daAuts
     D:7: 1218 daAuts
     D:8: 1190 daAuts
     D:4: 1057 daAuts
     D:5: 1040 daAuts
     D:2: 761 daAuts
     D:9: 736 daAuts
     D:1: 680 daAuts
   Orc:1: 569 daAuts
     D:6: 546 daAuts
   Sewer: 318 daAuts
 Volcano: 112 daAuts
  Temple: 67 daAuts
